 Dungeon Crawl Stone Soup version 0.23-a0-393-g6e9e0f2070 (webtiles) character file.

73845 Notair the Severer (level 15, -13/150 HPs)
             Began as a Minotaur Gladiator on Oct 31, 2018.
             Was a High Priest of Okawaru.
             Killed from afar by a frost giant (27 damage)
             ... with a bolt of cold
             ... in an ice cave.
             The game lasted 01:23:58 (25582 turns).

Notair the Severer (Minotaur Gladiator)            Turns: 25582, Time: 01:23:59

Health: -13/150    AC: 22    Str: 20    XL:     15   Next: 5%
Magic:  0/14       EV: 11    Int: 21    God:    Okawaru [*****.]
Gold:   1712       SH:  3    Dex: 12    Spells: 14/14 levels left

rFire    x . .     SeeInvis .   e - +2 executioner's axe (flame)
rCold    + . .     Gourm    .   (shield currently unavailable)
rNeg     . . .     Faith    .   S - +0 plate armour
rPois    .         Spirit   +   y - +0 hat {Int+3}
rElec    .         Reflect  +   z - scarf {Spirit}
rCorr    .         Harm     .   N - +0 pair of gloves
MR       ++...                  i - +0 pair of boots
Stlth    ..........             n - +3 amulet of reflection
HPRegen  0.35/turn              M - ring of ice
MPRegen  0.14/turn              F - ring "Ameiqots" {MR+ Int+8 Stlth-}

@: heroism, very slightly contaminated
A: retaliatory headbutt, horns 2
a: Heroism, Finesse, Renounce Religion


You were in an ice cave.
You worshipped Okawaru.
Okawaru was extremely pleased with you.
You were hungry.

You visited 3 branches of the dungeon, and saw 19 of its levels.
You also visited: Sewer, Bailey and Ice Cave.

You collected 1712 gold pieces.

Inventory:

Hand Weapons
 a - a +0 battleaxe of freezing
 d - the +6 hand crossbow of Tethry {penet, rF+ Str-2 Dex+5}
   (You found it on level 5 of the Dungeon)

   Ammo fired by it will pass through the targets it hits, potentially hitting
   all targets in its path until it reaches maximum range.
   It affects your strength (-2).
   It affects your dexterity (+5).
   It protects you from fire.
 e - a +2 executioner's axe of flaming (weapon)
 C - a +0 blowgun
Missiles
 s - 11 curare-tipped needles
 t - 4 throwing nets (quivered)
 B - 259 bolts
Armour
 i - a +0 pair of boots (worn)
 y - a +0 hat of intelligence (worn)
 z - a scarf of spirit shield (worn)
 N - a +0 pair of gloves (worn)
 S - a +0 plate armour (worn)
Jewellery
 c - an uncursed ring of protection from magic
 k - the ring "Unisma" {rElec rC+ MP+9}
   (You found it on level 15 of the Dungeon)

   [ring of magical power]

   It protects you from cold.
   It insulates you from electricity.
   It affects your magic capacity (+9).
 n - a +3 amulet of reflection (around neck)
 F - the ring "Ameiqots" (right hand) {MR+ Int+8 Stlth-}
   (You took it off a centaur on level 15 of the Dungeon)

   [ring of attention]

   It affects your intelligence (+8).
   It affects your resistance to hostile enchantments.
   It makes you less stealthy.
 M - a ring of ice (left hand)
 O - an uncursed ring of protection from fire
 P - a +3 ring of slaying
 U - an uncursed ring of see invisible
 X - an uncursed ring of poison resistance
Wands
 u - a wand of disintegration (28)
 D - a wand of iceblast (5)
 G - a wand of acid (1)
 H - a wand of polymorph (25)
 R - a wand of flame (17)
Scrolls
 h - 8 scrolls of teleportation
 m - a scroll of fog
 p - 3 scrolls of magic mapping
 r - a scroll of enchant weapon
 v - 9 scrolls of remove curse
 w - 6 scrolls of amnesia
 E - 6 scrolls of enchant armour
 Q - 2 scrolls of silence
 W - 4 scrolls of identify
 Z - 3 scrolls of fear
Potions
 g - 16 potions of curing
 j - 3 potions of magic
 l - 9 potions of heal wounds
 o - 6 potions of flight
 A - a potion of invisibility
 I - a potion of mutation
 J - a potion of cancellation
 K - a potion of berserk rage
 L - 2 potions of might
 V - 2 potions of haste
Miscellaneous
 b - 2 sacks of spiders
 T - a phantom mirror
 Y - a lightning rod (4/4)
Comestibles
 f - 37 rations


   Skills:
 + Level 18.7(23.7) Fighting
 + Level 19.2(24.2) Axes
 - Level 2.0(7.0) Throwing
 + Level 14.4(19.4) Armour
 - Level 3.2(8.2) Dodging


You had 14 spell levels left.
You didn't know any spells.
Your spell library contained the following spells:

 Spells                   Type           Power        Failure   Level  Hunger
 Animate Skeleton         Necr           N/A          80%         1    ##.....
 Beastly Appendage        Tmut           #.....       80%         1    ##.....
 Confusing Touch          Hex            #.....       80%         1    ##.....
 Flame Tongue             Conj/Fire      #....        80%         1    ##.....
 Magic Dart               Conj           #...         80%         1    ##.....
 Pain                     Necr           #...         80%         1    ##.....
 Sandblast                Erth           #.....       80%         1    ##.....
 Summon Butterflies       Summ           #.......     80%         1    ##.....
 Summon Small Mammal      Summ           #...         80%         1    ##.....
 Call Imp                 Summ           #.......     91%         2    ###....
 Passwall                 Tmut/Erth      #.......     91%         2    ###....
 Poisonous Vapours        Pois/Air       #.....       91%         2    ###....
 Searing Ray              Conj           #.....       91%         2    ###....
 Sticks to Snakes         Tmut           #.......     91%         2    ###....
 Throw Flame              Conj/Fire      #.....       91%         2    ###....
 Call Canine Familiar     Summ           #.......     99%         3    ####...
 Confuse                  Hex            #.......     99%         3    ####...
 Conjure Flame            Conj/Fire      #.......     99%         3    ####...
 Dazzling Spray           Conj/Hex       #.....       99%         3    ####...
 Gell's Gravitas          Tloc           #.........   99%         3    ####...
 Ignite Poison            Fire/Tmut/Pois #.......     99%         3    ####...
 Inner Flame              Hex/Fire       #.......     99%         3    ####...
 Mephitic Cloud           Conj/Pois/Air  #.......     99%         3    ####...
 Regeneration             Chrm/Necr      #.........   99%         3    ####...
 Spider Form              Tmut/Pois      #.........   99%         3    ####...
 Stone Arrow              Conj/Erth      #.....       99%         3    ####...
 Summon Guardian Golem    Hex/Summ       #.......     99%         3    ####...
 Vampiric Draining        Necr           #.........   99%         3    ####...
 Animate Dead             Necr           N/A          100%        4    #####..
 Force Lance              Conj/Tloc      #.......     100%        4    #####..
 Fulminant Prism          Conj/Hex       #.........   100%        4    #####..
 Ice Form                 Ice/Tmut       #.......     100%        4    #####..
 Iskenderun's Mystic Bla  Conj           #.......     100%        4    #####..
 Petrify                  Tmut/Erth      #.......     100%        4    #####..
 Sticky Flame             Conj/Fire      #.......     100%        4    #####..
 Summon Ice Beast         Ice/Summ       #.......     100%        4    #####..
 Summon Lightning Spire   Summ/Air       #.......     100%        4    #####..
 Blade Hands              Tmut           #.........   100%        5    ######.
 Fireball                 Conj/Fire      #.........   100%        5    ######.
 Lee's Rapid Deconstruct  Erth           #.........   100%        5    ######.
 Metabolic Englaciation   Hex/Ice        #.........   100%        5    ######.
 Summon Mana Viper        Hex/Summ       #.......     100%        5    ######.
 Yara's Violent Unravell  Hex/Tmut       #.........   100%        5    ######.
 Freezing Cloud           Conj/Ice/Air   #.........   100%        6    #######
 Hydra Form               Tmut           #.........   100%        6    #######
 Statue Form              Tmut/Erth      #........    100%        6    #######
 Ring of Flames           Chrm/Fire      #.........   100%        7    #######
 Summon Hydra             Summ           #.........   100%        7    #######


Dungeon Overview and Level Annotations

Branches:
Dungeon (15/15)            Temple (1/1) D:4            Lair (3/6) D:10
 Shoals (0/4) Lair:3        Snake (0/4) Lair:3          Orc (0/2) D:9
 Vaults (0/5) D:14         Depths (0/5) D:15

Altars:
Ashenzari
Dithmenos
Elyvilon
Hepliaklqana
Kikubaaqudgha
Makhleb
Nemelex Xobeh
Okawaru
Qazlal
Ru
Sif Muna
Trog
Vehumet
Wu Jian
Xom
Yredelemnul
Zin
The Shining One

Shops:
D:13 =


Innate Abilities, Weirdness & Mutations

You reflexively headbutt those who attack you in melee.
You have a pair of horns on your head.


Message History

The frost giant hits you with a +2 battleaxe of freezing.
The frost giant freezes you.
You slash the frost giant! You burn the frost giant.
The frost giant is heavily wounded.
You slash the yak! You burn the yak. The yak gores you!
* * * LOW HITPOINT WARNING * * *
Unknown command.
You gain the combat prowess of a mighty hero.
The frost giant points at you and mumbles some strange words.
The bolt of cold hits you! You resist.
* * * LOW HITPOINT WARNING * * *
The yak gores you.
* * * LOW HITPOINT WARNING * * *
Blink to where?
Press: ? - help, Dir - move target cursor You are very lightly contaminated with residual magic.
As you read the scroll of blinking, it crumbles to dust.
The frost giant points at you and mumbles some strange words.
The bolt of cold hits you! You resist.
You die...

##########
#YC.##..@####### #
#kh†##C..##...#..#
##≈ #.hhh#
########..#
#######≈≈ ....Y#
#..#####.≈≈#≈≈≈#
....#
##..##..≈#≈≈≈≈##
##..
###...##≈≈≈#≈≈# ##
#####≈≈≈####≈
#≈≈#≈≈≈≈ ##
≈≈≈≈≈≈≈≈≈###


You could see a frost giant.

Vanquished Creatures
  A frost giant (D:15)
  2 yaktaur captains (D:15)
  5 great orbs of eyes (D:15)
  Erolcha (D:8)
  Fannar (Lair:1)
  4 vault guards (D:15)
  A death knight (D:12)
  7 hydras
  4 centaur warriors
  4 two-headed ogres
  5 death yaks
  2 tengu warriors
  A deep elf knight (D:15)
  3 unseen horrors
  A wizard (D:15)
  2 flayed ghosts (D:15)
  A deep troll (D:14)
  An orc knight (D:15)
  A necromancer (D:15)
  Pikel (D:6)
  A wolf spider (D:15)
  2 deep elf magi
  A phantasmal warrior (D:15)
  2 wolf spider zombies
  An oklob plant (Lair:2)
  7 ugly things
  4 cyclopes
  6 manticores
  An ice statue (IceCv)
  A black mamba (Lair:3)
  A spiny frog (Lair:1)
  A gargoyle (D:13)
  3 komodo dragons
  2 yaktaurs (D:15)
  5 kobold demonologists
  A freezing wraith (D:14)
  An efreet (D:15)
  2 tengu conjurers
  2 meliai (D:15)
  A merfolk (D:10)
  11 polar bears (IceCv)
  4 trolls
  2 hornets
  7 blink frogs
  Prince Ribbit (D:6)
  3 slime creatures (D:13)
  4 hippogriffs
  A meliai zombie (D:15)
  A shadow (D:13)
  33 yaks
  4 wraiths
  A wyvern (D:13)
  A basilisk (D:13)
  A hungry ghost (D:14)
  Menkaure (D:5)
  3 acid dragons
  A warg (D:15)
  A soldier ant (D:15)
  4 water moccasins
  12 orc warriors
  3 porcupines
  4 black bears
  A swamp drake (shapeshifter) (D:14)
  2 slaves (D:6)
  5 necrophages
  5 ice beasts
  3 phantoms
  2 eyes of draining
  7 sky beasts
  7 wolves (IceCv)
  11 ogres
  13 centaurs
  4 crocodiles
  A big kobold (shapeshifter) (D:15)
  A crocodile (shapeshifter) (D:9)
  An elf zombie (D:7)
  9 big kobolds
  14 bullfrogs
  A wyvern zombie (D:9)
  4 scorpions
  A troll skeleton (D:7)
  2 wights (D:7)
  4 howler monkeys
  An electric eel (D:11)
  4 crimson imps
  3 bullfrog zombies
  6 centaur zombies
  2 quasits
  2 human zombies (D:7)
  4 jellies
  3 bullfrog skeletons
  12 orc wizards
  11 orc priests
  8 centaur skeletons
  8 hounds
  7 iguanas
  8 worker ants
  A human skeleton (D:7)
  8 hell rats
  A mummy (D:7)
  A worker ant zombie (D:5)
  10 gnolls
  11 adders
  10 river rats
  4 shadow imps
  12 white imps (Lair:3)
  5 oozes
  An adder zombie (D:8)
  An adder skeleton (D:4)
  11 worms
  A dart slug (D:1)
  7 leopard geckos
  48 orcs
  3 ball pythons
  7 bats
  A giant cockroach (D:8)
  15 goblins
  14 hobgoblins
  19 jackals
  48 kobolds
  8 quokkas
  3 frilled lizards (D:2)
  A jackal skeleton (D:9)
  An orc zombie (D:7)
  3 quokka skeletons
  A quokka zombie (D:7)
  17 rats
  A plant (Lair:3)
647 creatures vanquished.

Vanquished Creatures (others)
  2 draconians (D:1)
  A cyclops (D:12)
  2 gargoyles (D:1)
  2 elves (D:1)
  A naga (D:1)
  2 dwarves (D:1)
  2 ogres (D:1)
  An adder (D:11)
  An adder skeleton (D:6)
  2 kobolds
  4 tentacles (D:1)
20 creatures vanquished.

Grand Total: 667 creatures vanquished

Notes
Turn   | Place    | Note
-------+----------+-------------------------------------------
     0 | D:1      | Notair the Minotaur Gladiator began the quest for the Orb.
     0 | D:1      | Reached XP level 1. HP: 18/18 MP: 0/0
     0 | D:1      | Noticed a draconian
     0 | D:1      | Noticed an elf
     0 | D:1      | Noticed a dwarf
     0 | D:1      | Noticed an ogre
     0 | D:1      | Noticed a naga
     0 | D:1      | Noticed a draconian
     0 | D:1      | Noticed a kraken
     0 | D:1      | Noticed an ogre
     0 | D:1      | Noticed a dwarf
     0 | D:1      | Noticed an elf
     0 | D:1      | Noticed a gargoyle
     0 | D:1      | Noticed a gargoyle
     2 | D:1      | Killed a dwarf
     3 | D:1      | Killed an ogre
     4 | D:1      | Killed a gargoyle
     5 | D:1      | Killed an elf
     6 | D:1      | Killed a gargoyle
     6 | D:1      | Killed an ogre
     7 | D:1      | Killed a dwarf
     8 | D:1      | Killed a draconian
     8 | D:1      | Killed a naga
     8 | D:1      | Killed a draconian
     9 | D:1      | Killed an elf
    70 | D:1      | Reached skill level 4 in Axes
    86 | D:1      | Reached XP level 2. HP: 25/25 MP: 1/1
   340 | D:1      | Reached XP level 3. HP: 31/31 MP: 2/2
   807 | D:2      | Found a glowing silver altar of Zin.
   849 | D:2      | Reached skill level 5 in Axes
   869 | D:2      | Found a faded altar of an unknown god.
  1152 | D:3      | Found a bloodstained altar of Trog.
  1190 | D:3      | Reached XP level 4. HP: 14/39 MP: 3/3
  2579 | D:3      | Reached skill level 6 in Axes
  2616 | D:3      | Reached XP level 5. HP: 24/46 MP: 4/4
  2780 | D:4      | Noticed an ogre
  2796 | D:4      | Killed an ogre
  2984 | D:4      | Noticed an ogre
  3006 | D:4      | Killed an ogre
  3006 | D:4      | Reached skill level 7 in Axes
  3006 | D:4      | Reached XP level 6. HP: 55/55 MP: 5/5
  3045 | D:4      | Found a staircase to the Ecumenical Temple.
  3052 | Temple   | Entered the Ecumenical Temple
  3062 | Temple   | Became a worshipper of Warmaster Okawaru
  3127 | D:4      | Reached skill level 5 in Fighting
  3710 | D:4      | Found a glowing golden altar of the Shining One.
  4235 | D:4      | Reached skill level 8 in Axes
  4407 | D:5      | Entered Level 5 of the Dungeon
  4418 | D:5      | Reached XP level 7. HP: 47/61 MP: 6/6
  4588 | D:5      | Got an ancient hand crossbow
  4632 | D:5      | Identified the +6 hand crossbow of Tethry {penet, rF+ Str-2
                  | Dex+5} (You found it on level 5 of the Dungeon)
  4730 | D:5      | Noticed Menkaure
  5006 | D:5      | Killed Menkaure
  5006 | D:5      | Reached skill level 9 in Axes
  5619 | D:6      | Reached * piety under Okawaru
  5650 | D:6      | Reached XP level 8. HP: 50/71 MP: 7/7
  5687 | D:6      | Found a glowing drain.
  5746 | Sewer    | Entered a sewer
  5756 | Sewer    | Reached skill level 10 in Axes
  6226 | D:6      | Noticed Prince Ribbit
  6231 | D:6      | Noticed Pikel
  6259 | D:6      | Killed Pikel
  6259 | D:6      | Reached ** piety under Okawaru
  6259 | D:6      | Reached skill level 11 in Axes
  6265 | D:6      | Killed Prince Ribbit
  6770 | D:7      | Reached XP level 9. HP: 82/82 MP: 8/8
  6819 | D:7      | Reached skill level 12 in Axes
  6823 | D:7      | Reached *** piety under Okawaru
  7048 | D:7      | Noticed a five-headed hydra
  7677 | D:7      | Reached skill level 13 in Axes
  7772 | D:7      | Found an ancient bone altar of Kikubaaqudgha.
  7884 | D:7      | Reached **** piety under Okawaru
  7884 | D:7      | Reached skill level 10 in Fighting
  8514 | D:8      | Reached XP level 10. HP: 88/88 MP: 9/9
  8668 | D:8      | Reached skill level 14 in Axes
  9172 | D:8      | Received a gift from Okawaru
  9832 | D:7      | Killed a six-headed hydra
  9879 | D:9      | Noticed Erolcha
  9908 | D:9      | Reached skill level 15 in Axes
  9911 | D:9      | Reached ***** piety under Okawaru
  9935 | D:9      | Paralysed by Erolcha for 3 turns
 10243 | D:9      | Found a staircase to the Orcish Mines.
 10618 | D:9      | Received a gift from Okawaru
 10687 | D:9      | Found a deep blue altar of Sif Muna.
 10688 | D:9      | Found a radiant altar of Vehumet.
 10766 | D:9      | Found an ornate altar of the Wu Jian Council.
 11047 | D:10     | Entered Level 10 of the Dungeon
 11151 | D:10     | Noticed a death yak
 11151 | D:10     | Noticed a death yak
 11160 | D:10     | Noticed a death yak
 11161 | D:10     | Killed a death yak
 11161 | D:10     | Reached skill level 16 in Axes
 11161 | D:10     | Reached XP level 11. HP: 83/99 MP: 7/10
 11179 | D:10     | Killed a death yak
 11179 | D:10     | Received a gift from Okawaru
 11265 | D:10     | Found a staircase to the Lair.
 11433 | D:10     | Noticed a two-headed ogre
 11441 | D:10     | Killed a two-headed ogre
 12148 | D:10     | Killed a death yak
 12460 | D:8      | Killed Erolcha
 12460 | D:8      | Reached skill level 17 in Axes
 12778 | D:11     | Noticed a green ugly thing
 12794 | D:11     | Killed a green ugly thing
 13928 | D:12     | Noticed a two-headed ogre
 13937 | D:12     | Noticed a purple ugly thing
 13944 | D:11     | Killed a two-headed ogre
 13994 | D:12     | Killed a purple ugly thing
 14045 | D:12     | Noticed a six-headed hydra
 14496 | D:12     | Killed a six-headed hydra
 14496 | D:12     | Reached XP level 12. HP: 36/110 MP: 2/11
 14838 | D:12     | Reached skill level 18 in Axes
 14971 | D:12     | Reached skill level 1 in Armour
 15054 | D:12     | Noticed a death knight
 15116 | D:12     | Killed a death knight
 15116 | D:12     | Received a gift from Okawaru
 15551 | D:12     | Noticed a four-headed hydra
 15562 | D:12     | Killed a four-headed hydra
 15572 | D:12     | Noticed a two-headed ogre
 15580 | D:12     | Killed a two-headed ogre
 15580 | D:12     | Reached ****** piety under Okawaru
 15843 | D:13     | Found Vusoemad's Jewellery Shoppe.
 15849 | D:13     | Noticed a centaur warrior
 15857 | D:13     | Reached skill level 5 in Armour
 15925 | D:13     | Killed a centaur warrior
 16230 | D:13     | Received a gift from Okawaru
 16477 | D:13     | Reached skill level 15 in Fighting
 16488 | D:13     | Noticed a tengu warrior
 16780 | D:13     | Found a white marble altar of Elyvilon.
 16833 | D:12     | Killed a tengu warrior
 16833 | D:12     | Received a gift from Okawaru
 17484 | D:14     | Reached XP level 13. HP: 52/122 MP: 2/12
 17569 | D:14     | Found a flagged portal.
 17574 | Bailey   | Entered a bailey
 18116 | D:14     | Found a gate to the Vaults.
 18555 | D:15     | Entered Level 15 of the Dungeon
 18560 | D:15     | Reached skill level 10 in Armour
 18581 | D:15     | Found a shadowy altar of Dithmenos.
 18681 | D:15     | Received a gift from Okawaru
 18804 | D:15     | Received a gift from Okawaru
 19052 | D:15     | Identified the ring "Ameiqots" {MR+ Int+8 Stlth-}
 19089 | D:15     | Found a sparkling altar of Nemelex Xobeh.
 19506 | D:15     | Got a vibrating turquoise ring
 19510 | D:15     | Identified the ring of Amelioration {Str+5 Int+3} (You
                  | found it on level 15 of the Dungeon)
 19554 | D:15     | Found a shimmering altar of Xom.
 19646 | D:15     | Paralysed by a great orb of eyes for 2 turns
 19857 | D:15     | Reached XP level 14. HP: 93/140 MP: 8/13
 19878 | D:15     | HP: 5/140 [orc warrior/+0 war axe[an orc knight] (8)]
 20336 | D:15     | Got an ancient silver ring
 20338 | D:15     | Identified the ring "Foxin" {*Tele rPois Dex+5} (You found
                  | it on level 15 of the Dungeon)
 20367 | D:15     | Found a staircase to the Depths.
 20596 | D:15     | Noticed a frost giant
 20609 | D:15     | Killed a frost giant
 20849 | D:15     | Got a slimy iron ring
 20884 | D:15     | Received a gift from Okawaru
 20899 | D:15     | Identified the ring "Unisma" {rElec rC+ MP+9} (You found it
                  | on level 15 of the Dungeon)
 21616 | D:15     | Received a gift from Okawaru
 21798 | Lair:1   | Entered Level 1 of the Lair of Beasts
 22541 | Lair:1   | Noticed Fannar
 22561 | Lair:1   | Killed Fannar
 24768 | Lair:3   | Found a frozen archway.
 24795 | IceCv    | Entered an ice cave
 24812 | IceCv    | Reached skill level 19 in Axes
 25082 | IceCv    | Identified Bylimp's Collected Works on Transmutation
 25449 | IceCv    | Reached XP level 15. HP: 121/150 MP: 12/14
 25550 | IceCv    | Noticed a frost giant
 25582 | IceCv    | Killed from afar by a frost giant

Vault maps used:
D:1:      nicolae_arrival_kraken_aquarium_a
D:2:      lemuel_doored_altar, chequers_ecumenical_altar_simple,
          interstate_on_off
D:3:      minmay_diamond_boxcup, bloody_trog, dk_noncrumbling_4
D:4:      minmay_temple_entry_overgrown, first_ration,
          nicolae_tso_swordbearing_angel
D:5:      uniq_menkaure
D:6:      lightli_sewer_entry_pipes, uniq_prince_ribbit1, uniq_pikel
D:7:      wad_crossroads, lemuel_mausoleum_altar_kikubaaqudgha
D:9:      gammafunk_temple_overflow_statue, lemuel_crystal_altar, david_orc_3,
          uniq_erolcha
D:10:     dpeg_lair_monsters, serial_curves, eino_curves_01, eino_curves_02,
          hangedman_fish_farm
D:11:     minivault_4
D:13:     serial_shops, shop, basic_altar
D:14:     david_vaults_4, enter_bailey_3, minmay_stone_trees_medium,
          serial_bayou_pond_a
D:15:     hangedman_spin_cycle
Temple:   eino_temple_rhombus
Lair:1:   beast_lair_carwin_11, uniq_fannar
Lair:2:   kennysheep_abandoned_house
Lair:3:   shoals_dummy_entry, guppyfry_snake_entry_island,
          portal_ice_cave_entry_imps, beast_lair_carwin_3, lemuel_fruit_tree
Sewer:    sewer_co_15_rooms
Bailey:   bailey_axe_1, bailey
IceCv:    ice_cave_caverns_03

Skill      XL: |  1  2  3  4  5  6  7  8  9 10 11 12 13 14 |
---------------+-------------------------------------------+-----
Axes           | 4 5 6 7 8 9 11 13 16 17 18 19 | 19.2
Fighting       | 3 4 5 6 8 10 11 13 15 17 18 | 18.7
Armour         | 8 12 14 | 14.4
Throwing       | |  2.0
Dodging        | |  3.2

Action                   |  1- 3 |  4- 6 |  7- 9 | 10-12 | 13-15 || total
-------------------------+-------+-------+-------+-------+-------++-------
Melee: War axe           |    80 |    93 |   333 |   405 |       ||   911
       Headbutt          |     8 |    12 |    65 |   139 |   190 ||   414
       Punch             |       |       |       |     4 |     3 ||     7
       Whip              |       |       |       |    27 |    40 ||    67
       Broad axe         |       |       |       |   181 |   308 ||   489
       Battleaxe         |       |       |       |       |   391 ||   391
       Executioner's axe |       |       |       |       |    15 ||    15
 Fire: Blowgun           |       |    25 |       |     3 |       ||    28
       Hand crossbow     |       |       |       |       |    15 ||    15
Throw: Javelin           |     6 |     1 |       |       |       ||     7
Invok: Heroism           |       |       |     3 |    16 |    23 ||    42
       Finesse           |       |       |       |     1 |       ||     1
Evoke: Wand              |       |       |     5 |    10 |       ||    15
  Use: Scroll            |       |     5 |    17 |     8 |    13 ||    43
       Potion            |       |       |       |       |     2 ||     2
 Stab: Sleeping          |       |     1 |       |       |       ||     1
  Eat: Chunk             |       |     8 |     7 |    17 |    24 ||    56
       Ration            |       |     1 |     2 |     3 |     1 ||     7
Armor: Leather armour    |    15 |    15 |       |       |       ||    30
       Scale mail        |       |     3 |    88 |    43 |       ||   134
       Plate armour      |       |       |       |   172 |   426 ||   598
       Chain mail        |       |       |       |    35 |       ||    35
Dodge: Dodged            |    49 |    49 |   128 |   183 |   271 ||   680
Block: Other             |       |     1 |    32 |    58 |    71 ||   162
       Reflection        |       |       |     2 |     4 |     7 ||    13

Table legend:
 A = Non-vault XP
 B = Vault XP
 C = Vault XP percentage of total XP
 D = Non-vault monster count
 E = Vault monster count
 F = Vault count percentage of total count
                 A         B        C        D         E       F
            +---------+---------+-------+---------+---------+-------
      Total |   46573 |   58921 |  55.9 |     374 |     273 |  42.2
            +---------+---------+-------+---------+---------+-------
        D:1 |      46 |       0 |   0.0 |      26 |       0 |   0.0
        D:2 |      28 |       0 |   0.0 |      15 |       0 |   0.0
        D:3 |     142 |      33 |  18.9 |      19 |      11 |  36.7
        D:4 |     427 |       0 |   0.0 |      18 |       0 |   0.0
        D:5 |     389 |     172 |  30.7 |      23 |       1 |   4.2
        D:6 |     429 |     911 |  68.0 |       9 |      11 |  55.0
        D:7 |    1887 |    1895 |  50.1 |      38 |      16 |  29.6
        D:8 |    1716 |    1010 |  37.1 |      28 |       1 |   3.4
        D:9 |    1601 |    1100 |  40.7 |      29 |      18 |  38.3
       D:10 |    1845 |    3038 |  62.2 |      14 |       8 |  36.4
       D:11 |    3606 |       0 |   0.0 |      26 |       0 |   0.0
       D:12 |    8749 |       0 |   0.0 |      25 |       0 |   0.0
       D:13 |    6721 |       0 |   0.0 |      42 |       0 |   0.0
       D:14 |    7945 |    1152 |  12.7 |      24 |       7 |  22.6
       D:15 |     495 |   36073 |  98.6 |       1 |      75 |  98.7
     Lair:1 |    4422 |    1276 |  22.4 |      18 |       3 |  14.3
     Lair:2 |    4882 |    1293 |  20.9 |      15 |      15 |  50.0
     Lair:3 |    1243 |     123 |   9.0 |       4 |      12 |  75.0
      Sewer |       0 |      97 | 100.0 |       0 |      24 | 100.0
     Bailey |       0 |     745 | 100.0 |       0 |      32 | 100.0
      IceCv |       0 |   10003 | 100.0 |       0 |      39 | 100.0
            +---------+---------+-------+---------+---------+-------
